AoeStats
← Ilyushin

Black Forest

510118926Analyzed
3v3 RM · 4d ago on Sep 29, 2026· 70m 43s· 6 players
Game mode
Random Map
Map size
Normal (6 player)
Population
200
Speed
Normal
Resources
Standard
Victory
Conquest
Starting age
Dark Age
Ending age
Imperial Age
RankedLock teamsTeams togetherTeam positionsShared explorationLock speedFull tech treeHidden civsTurbo modeCheats
Victory
Defeat
🇪🇸 Byzantines · Spain
1066
+17
🇪🇸 Hindustanis · Spain
1055
+18
🇪🇸 Italians · Spain
1014
+20
🇻🇪 Persians · Venezuela
1110
-19
🇨🇴 Malay · Colombia
1090
-18
🇩🇪 Turks · Germany
1079
-18
tonydf3
9:51 Feudal Age
15:26 Castle Age
19:45 Double-Bit Axe
20:50 Bow Saw
21:21 Horse Collar
23:04 Heavy Plow
27:17 Wheelbarrow
29:50 Hand Cart
29:47 Loom
33:04 Imperial Age
31:25 Husbandry
31:43 Scale Barding Armor
31:50 Forging
32:05 Arson
32:20 Squires
31:41 Pikeman
32:36 Elite Battle Elephant
33:22 Heavy Scorpion
35:27 Chemistry
35:25 Ballistics
50:59 Light Cavalry
54:42 Iron Casting
54:47 Halberdier
54:56 Halberdier
60:25 Elite Skirmisher
61:12 Padded Archer Armor
61:03 Fletching
66:53 Bodkin Arrow
Bothstarling2.0
5:47 Loom
10:57 Feudal Age
16:55 Castle Age
15:27 Double-Bit Axe
15:39 Horse Collar
21:26 Fervor
22:33 Wheelbarrow
24:50 Gold Mining
25:23 Stone Mining
27:51 Hand Cart
28:18 Heavy Plow
31:07 Imperial Age
29:41 Forging
29:36 Scale Barding Armor
30:08 Town Watch
30:43 Husbandry
30:54 Bloodlines
31:30 Gold Shaft Mining
31:27 Bow Saw
30:52 Cavalier
32:13 Iron Casting
31:58 Chain Barding Armor
31:31 Fletching
31:41 Padded Archer Armor
33:05 Chemistry
34:08 Blast Furnace
33:03 Savar
34:22 Crop Rotation
33:35 Light Cavalry
35:04 Conscription
34:48 Kamandaran
36:05 Plate Barding Armor
36:39 Caravan
38:03 Crossbowman
38:49 Thumb Ring
38:05 Man-at-Arms
44:02 Bodkin Arrow
44:22 Leather Archer Armor
43:31 Elite Skirmisher
45:05 Ballistics
48:03 Ring Archer Armor
48:59 Onager
51:58 Pikeman
52:38 Squires
52:44 Scale Mail Armor
54:28 Chain Mail Armor
66:49 Murder Holes
67:05 Masonry
67:35 Halberdier
LLBHLJ
1:46 Loom
13:44 Feudal Age
14:36 Double-Bit Axe
15:01 Horse Collar
20:00 Castle Age
21:36 Heavy Plow
21:47 Bow Saw
24:51 Town Watch
26:18 Fletching
32:03 Imperial Age
31:07 Wheelbarrow
30:32 Gold Mining
30:38 Stone Mining
31:26 Town Patrol
31:32 Bodkin Arrow
31:39 Scale Mail Armor
33:17 Padded Archer Armor
33:18 Bracer
34:27 Artillery
34:49 Hand Cart
36:09 Gold Shaft Mining
36:48 Two-Man Saw
36:34 Elite Janissary
37:33 Leather Archer Armor
37:44 Ballistics
38:01 Husbandry
38:12 Bloodlines
39:06 Chain Mail Armor
39:21 Ring Archer Armor
39:02 Forging
41:42 Iron Casting
48:05 Heavy Camel Rider
49:41 Scale Barding Armor
51:21 Plate Mail Armor
52:51 Caravan
53:22 Coinage
53:05 Guilds
53:50 Guilds
55:17 Banking
64:31 Murder Holes
64:51 Masonry
64:36 Murder Holes
64:56 Fortified Wall
66:41 Architecture
65:53 Treadmill Crane
Veyron
0:26 Loom
12:27 Feudal Age
12:55 Double-Bit Axe
19:43 Castle Age
18:32 Stone Mining
18:35 Gold Mining
19:28 Horse Collar
21:35 Bow Saw
26:56 Fishing Lines
27:33 Heavy Plow
27:52 Masonry
31:45 Imperial Age
30:02 Stone Shaft Mining
30:06 Gold Shaft Mining
29:43 Husbandry
30:54 Wheelbarrow
30:05 Town Watch
31:47 Fortified Wall
31:33 Murder Holes
31:54 Bloodlines
32:16 Medium Warships
32:28 Forging
32:24 Scale Barding Armor
32:09 Fletching
32:42 Ballistics
33:34 Two-Man Saw
34:18 Hand Cart
34:15 Caravan
33:51 Onager
35:17 Iron Casting
36:14 Heavy Camel Rider
38:42 Blast Furnace
37:30 Light Cavalry
38:42 Chain Barding Armor
39:23 Conscription
39:06 Grand Trunk Road
38:41 Imperial Camel Rider
41:25 Bodkin Arrow
42:34 Plate Barding Armor
43:11 Siege Engineers
43:10 Bracer
51:10 Hoardings
51:07 Squires
50:46 Hussar
53:16 Chemistry
55:25 Padded Archer Armor
55:46 Guard Tower
56:03 Shatagni
55:27 Elite Ghulam
56:11 Scale Mail Armor
57:10 Chain Mail Armor
58:31 Leather Archer Armor
60:12 Ring Archer Armor
60:36 Shatagni
62:34 Elite Skirmisher
63:20 Thumb Ring
65:11 Arson
salan
0:27 Loom
15:30 Feudal Age
16:26 Double-Bit Axe
21:14 Castle Age
19:07 Stone Mining
19:10 Fishing Lines
21:46 Wheelbarrow
21:06 Gold Mining
22:48 Bow Saw
27:38 Imperial Age
28:22 Horse Collar
29:27 Gillnets
30:46 Two-Man Saw
29:53 Heavy Plow
34:26 Chemistry
34:16 Fortified Wall
34:45 Scale Barding Armor
34:51 Forging
35:36 Caravan
36:00 Chain Barding Armor
35:41 Heavy Camel Rider
36:22 Husbandry
38:10 Conscription
38:51 Plate Barding Armor
38:50 Logistica
39:02 Elite Cataphract
44:42 Iron Casting
47:37 Fletching
48:29 Bodkin Arrow
50:06 Ballistics
51:06 Coinage
50:46 Guilds
51:03 Onager
53:00 Hoardings
52:27 Greek Fire
53:34 Bracer
62:38 Banking
Ilyushin
0:26 Loom
10:55 Feudal Age
11:46 Double-Bit Axe
20:11 Castle Age
21:27 Gold Mining
21:27 Stone Mining
21:23 Horse Collar
22:31 Fishing Lines
23:00 Heavy Plow
23:13 Bow Saw
23:41 Gillnets
24:36 Wheelbarrow
31:13 Imperial Age
29:47 Hand Cart
29:32 Elite Skirmisher
30:26 Bloodlines
30:17 Husbandry
29:37 Light Cavalry
30:07 Town Watch
30:38 Forging
30:28 Scale Mail Armor
30:33 Scale Barding Armor
30:18 Fletching
30:28 Padded Archer Armor
31:58 Thumb Ring
31:15 Pikeman
31:55 Squires
33:21 Chain Mail Armor
33:26 Chain Barding Armor
33:41 Iron Casting
33:07 Padded Archer Armor
33:13 Hussar
34:55 Conscription
35:06 Ballistics
35:47 Chemistry
36:42 Bodkin Arrow
37:11 Elite Genoese Crossbowman
38:51 Caravan
44:51 Bracer
45:06 Leather Archer Armor
45:20 Murder Holes
51:42 Silk Road
60:08 Onager
62:29 Pirotechnia
Connection lost

Rejoining the realm…

Still unreachable

The connection could not be restored.

Session expired

The server has moved on; the page needs a fresh start.